 Dungeon Crawl Stone Soup version 0.14-a0-3345-g9255d23 (webtiles) character file.

1767 Kae the Conjurer (level 8, 0/41 HPs)
             Began as a Tengu Fire Elementalist on Mar 16, 2014.
             Killed by an exploding giant spore (28 damage)
             ... set off by themself
             ... on Level 6 of the Dungeon.
             The game lasted 00:18:24 (6890 turns).

Kae the Conjurer (Tengu Fire Elementalist)          Turns: 6890, Time: 00:18:25

HP   0/41        AC  9     Str  9      XL: 8   Next: 82%
MP  10/20        EV 12     Int 19      God:
Gold 259         SH  0     Dex 14      Spells:  4 memorised,  5 levels left

rFire  . . .     SeeInvis .     k - +0,+2 dagger (protect)
rCold  . . .     Clarity  .     a - +0 robe
rNeg   . . .     Conserve .     (no shield)
rPois  .         rCorr    .     (helmet restricted)
rElec  .         rRot     .     s - +0 cloak
SustAb . .       Spirit   .     e - +0 pair of gloves (curse)
rMut   .         Warding  .     (boots unavailable)
Saprov . . .     Stasis   .     (no amulet)
MR     .....                    (no ring)
                                q - +1 ring of strength

@: confused, not resistant to hostile enchantments, very unstealthy
A: able to fly, beak, talons 3
a: Fly


You were on level 6 of the Dungeon.
You were not hungry.

You visited 2 branches of the dungeon, and saw 7 of its levels.
You also visited: Ossuary.

You collected 259 gold pieces.

Inventory:

Hand weapons
 i - a cursed +0,+0 dagger
 k - a +0,+2 dagger of protection (weapon)
 p - a cursed -1,-1 dagger
Missiles
 g - 13 steel darts (quivered)
Armour
 a - a +0 robe (worn)
 e - a cursed +0 pair of gloves (worn)
 s - a +0 cloak (worn)
Magical devices
 m - a wand of random effects (9)
 A - a wand of teleportation (6)
 D - a wand of paralysis (15)
Comestibles
 c - 8 bread rations
 j - 4 meat rations
Scrolls
 d - 5 scrolls of identify
 f - 2 scrolls of amnesia {unknown}
 o - 3 scrolls of teleportation
 r - 4 scrolls of remove curse
 u - a scroll of enchant weapon III {unknown}
 w - 2 scrolls of recharging {unknown}
 y - 6 scrolls of noise {unknown}
 z - 2 scrolls of blinking
 C - a scroll of random uselessness {unknown}
Jewellery
 q - a +1 ring of strength (left hand)
 x - an uncursed ring of wizardry {unknown}
 F - an uncursed amulet of resist mutation {unknown}
Potions
 h - 3 potions of brilliance
 l - a potion of porridge
 n - 2 potions of cure mutation
 t - 2 potions of berserk rage {unknown}
 v - a potion of poison {unknown}
 B - a potion of restore abilities
Books
 b - a book of Flames

   Spells                             Type                      Level
   *Flame Tongue                      Conjuration/Fire             1
   *Throw Flame                       Conjuration/Fire             2
   *Conjure Flame                     Conjuration/Fire             3
   Inner Flame                        Hexes/Fire                   3
   *Sticky Flame                      Conjuration/Fire             4
   Fireball                           Conjuration/Fire             5
 E - a Grand Grimoire {highlevel, unknown}

   This book is beyond your current level of understanding.

   Spells                             Type                      Level
   Aura of Abjuration                 Summoning                    6
   Forceful Dismissal                 Summoning                    6
   Haunt                              Necromancy/Summoning         7
   Summon Greater Demon               Summoning                    7
   Malign Gateway                     Summoning/Translocation      7
   Summon Horrible Things             Summoning                    8


   Skills:
 - Level 2.1 Dodging
 - Level 2.0 Stealth
 + Level 4.4 Spellcasting
 * Level 9.2 Conjurations
 * Level 8.1 Fire Magic


You had 5 spell levels left.
You knew the following spells:

 Your Spells              Type           Power        Failure   Level  Hunger
a - Flame Tongue          Conj/Fire      #####        1%          1    None
b - Throw Flame           Conj/Fire      #####.       1%          2    #......
c - Conjure Flame         Conj/Fire      #####...     1%          3    ###....
d - Sticky Flame          Conj/Fire      #####...     4%          4    ####...


Dungeon Overview and Level Annotations

Branches:
Dungeon (6/15)             Temple (1/1) D:6

Altars:
Ashenzari
Cheibriados
Dithmenos
Elyvilon
Fedhas
Kikubaaqudgha
Makhleb
Nemelex Xobeh
Okawaru
Trog
Xom
Yredelemnul
Zin

Shops:
D:6 [

Annotations:
D:2 Sigmund


Innate Abilities, Weirdness & Mutations

You can fly.
You have a beak for a mouth.
You have claws for feet.


Message History

The orc priest mumbles some strange prayers to Beogh against you.
Something smites you!
Casting: Flame Tongue
Confirm with . or Enter, or press ? or * to list all spells.
Aiming: Flame Tongue
Press: ? - help, Shift-Dir - straight line, f/p - orc priest
Aim: an orc priest, wielding a flail (almost dead)
The flame hits the orc priest.
You kill the orc priest!
Casting: Flame Tongue
Confirm with . or Enter, or press ? or * to list all spells.
Aiming: Flame Tongue
Press: ? - help, Shift-Dir - straight line, f - giant spore
Aim: a giant spore The flame hits the giant spore.
The giant spore explodes!
A fungus suddenly grows.
The explosion of spores engulfs you!
You are confused.
Ouch! That really hurt!
You die...

........%......#####
#.#.#####.
###<........#......#####.#.#
#.
##.....#.......(.........#
#. ##...##.######.########.#
#. ##.###.# #.# #.#####. #.#
#.# #.# #.......
#.###.######.## #.######
#.............# #.#
#####......@#....# #.#
######..f.##... ..# #.#)##
## ### #. .# #) .# #. .# #.
.. ## .# .


There were no monsters in sight!

Vanquished Creatures
  A hippogriff (D:5)
  4 ogres
  A sky beast (D:6)
  An elf zombie (Ossuary)
  A centaur (D:6)
  A giant frog (D:6)
  3 orc priests
  Crazy Yiuf (D:3)
  2 centaur zombies (Ossuary)
  A human zombie (Ossuary)
  An orc wizard (D:3)
  A black bear skeleton (D:6)
  4 worker ants
  Ijyb (D:2)
  Jessica (D:3)
  An ogre skeleton (D:4)
  3 mummies
  3 gnolls (D:5)
  8 adders
  A shadow imp (D:6)
  An inept feature mimic (D:6)
  4 worms
  3 adder skeletons
  2 adder zombies (Ossuary)
  2 orc skeletons
  5 giant geckos
  13 orcs
  8 bats
  9 giant cockroaches
  8 goblins
  10 hobgoblins
  4 jackals (D:3)
  6 kobolds
  3 oozes
  2 quokkas
  A ball python (D:3)
  4 giant newts
  2 goblin zombies (Ossuary)
  15 hobgoblin zombies
  A jackal zombie (Ossuary)
  9 kobold zombies (Ossuary)
  4 orc zombies (Ossuary)
  26 rats
  A rat zombie (Ossuary)
183 creatures vanquished.

Notes
Turn   | Place    | Note
--------------------------------------------------------------
     0 | D:1      | Kae, the Tengu Fire Elementalist, began the quest for the Orb.
     0 | D:1      | Reached XP level 1. HP: 10/10 MP: 3/3
   307 | D:1      | Reached XP level 2. HP: 12/15 MP: 5/5
  1145 | D:2      | Reached XP level 3. HP: 17/19 MP: 5/7
  1261 | D:2      | Noticed Ijyb
  1274 | D:2      | Killed Ijyb
  1540 | D:2      | Noticed Sigmund
  2008 | D:2      | Reached XP level 4. HP: 24/24 MP: 8/8
  2091 | D:2      | Reached skill level 4 in Conjurations
  2225 | D:2      | Learned a level 2 spell: Throw Flame
  2229 | D:2      | Learned a level 3 spell: Conjure Flame
  2300 | D:3      | Found an iron altar of Okawaru.
  2755 | D:3      | Reached XP level 5. HP: 17/28 MP: 4/11
  3006 | D:3      | Noticed Jessica
  3015 | D:3      | Killed Jessica
  3015 | D:3      | Reached skill level 5 in Conjurations
  3356 | D:3      | Reached skill level 5 in Fire Magic
  3416 | D:3      | Noticed Crazy Yiuf
  3425 | D:3      | Killed Crazy Yiuf
  3425 | D:3      | Reached XP level 6. HP: 32/32 MP: 1/13
  4240 | D:4      | Reached skill level 6 in Conjurations
  4311 | D:5      | Entered Level 5 of the Dungeon
  4312 | D:5      | Noticed a hippogriff
  4318 | D:5      | Killed a hippogriff
  4318 | D:5      | Reached XP level 7. HP: 22/36 MP: 5/16
  4641 | D:5      | Reached skill level 7 in Conjurations
  4684 | D:5      | Found a sand-covered staircase.
  4692 | Ossuary  | Entered an ossuary
  5018 | Ossuary  | Reached XP level 8. HP: 4/41 MP: 10/19
  6067 | D:6      | Reached skill level 8 in Conjurations
  6137 | D:6      | Learned a level 4 spell: Sticky Flame
  6230 | D:6      | Found Asaelliutt's Antique Armour Shoppe.
  6327 | D:6      | Found a staircase to the Ecumenical Temple.
  6350 | Temple   | Entered the Ecumenical Temple
  6652 | D:6      | Reached skill level 9 in Conjurations
  6890 | D:6      | Killed by an exploding giant spore... set off by themself

Action                   |  1- 3 |  4- 6 |  7- 9 || total
-------------------------+-------+-------+-------++-------
Melee: Unarmed           |    15 |       |       ||    15
       Dagger            |    56 |    84 |   150 ||   290
 Cast: Flame Tongue      |    36 |    96 |    81 ||   213
       Throw Flame       |       |    18 |    17 ||    35
       Conjure Flame     |       |     1 |     4 ||     5
       Sticky Flame      |       |       |     2 ||     2
Evoke: Wand              |       |       |     3 ||     3
  Use: Scroll            |     1 |     5 |     2 ||     8
       Potion            |     1 |       |     3 ||     4
 Stab: Sleeping          |       |       |     1 ||     1
